 Dungeon Crawl Stone Soup version 0.23-a0-300-g6719eeacba (webtiles) character file.

0 Manul the Ducker (level 1, -24/11 HPs)
             Began as a Spriggan Abyssal Knight on Oct 7, 2018.
             Was a Follower of Lugonu.
             Annihilated by a tentacled starspawn (35 damage)
             ... on level 2 of the Abyss.
             The game lasted 00:00:50 (182 turns).

Manul the Ducker (Spriggan Abyssal Knight)           Turns: 182, Time: 00:00:51

Health: -24/11     AC:  2    Str:  8    XL:     1   Next: 0%
Magic:  3/3        EV: 18    Int: 13    God:    Lugonu [*.....]
Gold:   37         SH:  0    Dex: 15    Spells: 0/0 levels left

rFire    . . .     SeeInvis +   a - +1 short sword
rCold    . . .     Gourm    .   (shield restricted)
rNeg     . . .     Faith    .   b - +0 robe
rPois    .         Spirit   .   (helmet restricted)
rElec    .         Reflect  .   (no cloak)
rCorr    .         Harm     .   (gloves unavailable)
MR       .....                  (boots unavailable)
Stlth    +.........             (no amulet)
HPRegen  0.03/turn              (no ring)
MPRegen  0.08/turn              (no ring)

@: very quick
A: very small, unfitting armour, see invisible, herbivore, speed 3, slow
metabolism 2
a: Depart the Abyss, Renounce Religion


You were on level 2 of the Abyss.
You worshipped Lugonu.
Lugonu was aware of your devotion.
You were not hungry.

You visited 0 branches of the dungeon, and saw 0 of its levels.
You visited the Abyss 1 time.

You collected 37 gold pieces.

Inventory:

Hand Weapons
 a - a +1 short sword (weapon)
Armour
 b - a +0 robe (worn)
Potions
 d - a potion of haste
Comestibles
 c - a ration


   Skills:
 + Level 2.4 Fighting
 + Level 2.1 Short Blades
 + Level 3.5 Dodging
 + Level 1.7 Invocations


You couldn't memorise any spells.
You didn't know any spells.
Your spell library was empty.

Dungeon Overview and Level Annotations

Branches:
Dungeon (0/15)

Altars:


Innate Abilities, Weirdness & Mutations

You are very small and have problems with some larger weapons.
You are too small for most types of armour.
You have supernaturally acute eyesight. (SInv)
You are a herbivore.
You cover ground extremely quickly.
You need to consume almost no food.


Message History

You feel yourself growing ill in the presence of the ancient zyme.
Found a scroll labeled DISOUTSININ.
e - a scroll labeled DISOUTSININ
As you read the scroll labeled DISOUTSININ, it crumbles to dust.
It is a scroll of identify.
d - a potion of haste A wretched star comes into view.
The wretched star glows turbulently.
The orb of energy misses you.
A tentacled starspawn comes into view.
A tentacle flies out from the starspawn's body!
Found a ration and 29 gold pieces.
A starspawn tentacle comes into view.
A starspawn tentacle comes into view.
Tentacles burst from the starspawn's body! 2 starspawn tentacles come into view.
The starspawn tentacle moves out of view.
The tentacled starspawn bites you!!
Ouch! That really hurt!
You die...

#X#.# ..
│.. ## #
\##....
#...#..#.
##. ..#..
######.## #
###...##*#
#....#.#X#
# #.
####@.#..#
###..#....#
# ...#.#.#
######. #
##


You could see a tentacled starspawn and a wretched star.

Vanquished Creatures (others)
  6 starspawn tentacles (Abyss:2)
6 creatures vanquished.

Notes
Turn   | Place    | Note
-------+----------+-------------------------------------------
     0 | Abyss:1  | Manul the Spriggan Abyssal Knight began the quest for the
                  | Orb.
     0 | Abyss:1  | Reached XP level 1. HP: 11/11 MP: 3/3
    65 | Abyss:2  | Noticed a tentacled starspawn
    71 | Abyss:2  | Noticed a chaos spawn
    77 | Abyss:2  | Noticed a glowing orange brain
    83 | Abyss:2  | Noticed a neqoxec
   112 | Abyss:2  | Noticed an ancient zyme
   114 | Abyss:2  | Noticed a small abomination
   139 | Abyss:2  | Noticed a wretched star
   161 | Abyss:2  | Noticed a tentacled starspawn
   182 | Abyss:2  | Annihilated by a tentacled starspawn

Vault maps used:
Abyss:1:  guppyfry_abyss_exit_imp_island, guppyfry_abyss_exit_glass_guarded

Action                   || total
-------------------------++-------
  Use: Scroll            ||     1
Dodge: Dodged            ||     1

Table legend:
 A = Non-vault XP
 B = Vault XP
 C = Vault XP percentage of total XP
 D = Non-vault monster count
 E = Vault monster count
 F = Vault count percentage of total count
                 A         B        C        D         E       F
            +---------+---------+-------+---------+---------+-------
      Total |       0 |       0 |   N/A |       0 |       0 |  -nan
            +---------+---------+-------+---------+---------+-------
            +---------+---------+-------+---------+---------+-------
